Description

Like the PvZ Parting VOD, this is the PvT build order that was shown by Parting to Zoomwaffle in a coaching session, turned into build order for the Parting community :)

VOD

https://www.twitch.tv/videos/911743133

Build Order

Get SALT Encoding   

  14  00:17  Pylon  
  16  00:35  Gateway  
  17  00:48  Assimilator  rally probes to the gas until it fills with 3
  20  1:22  Cybernetics Core  send this probe to natural
  20  1:31  Nexus  scouting probe - try to block the natural base -- 39-45 seconds it needs to block
  21  1:42  Pylon  At natural, like PvZ, to make nat wall
  21  1:46  Assimilator  
  22  2:00  Adept (Chrono Boost)  
  25  2:06  Shield Battery  in main, covering mineral line
  25  2:10  Warp Gate  
  26  2:20  Stalker (Chrono Boost)  
  29  2:30  Twilight Council  
  34  3:02  Stalker  
  36  3:10  Blink (Chrono Boost)  chrono only on blink until it is done
  38  3:20  Gateway  wall at natural
  39  3:28  Robotics Facility  Note: keep chronoing blink
  42  3:38  Assimilator x2  now you make pylons at edges of base for vision as you make pylons
  46  4:09  Stalker x2  continue making stalkers as available cool downs until 8 total
  50  4:25  Action  Note: between 4:30 and 4:50 there will be some sort of Terran attack, be ready
  51  4:15  Observer  you will want to make total 3 observers, first observer to terran main base
  54  4:25  Robotics Bay  
  62  4:45  Action  Note, stalker position should be at main base ramp in between the main and nat while waiting for a first terran attack
  64  5:00  Nexus  Third base, with pylon nearby
  69  5:15  Colossus (Chrono Boost), Extended Thermal Lance  make 3 total, chrono boost until 3 are done
  75  5:30  Charge  
  76  5:40  Forge  
  78  5:45  Gateway x4  go up to 6 total gateways, you may not have money to drop all at one time, thats ok, make this focus with probes and pylons -- continue until 8 gateways
  88  6:15  Protoss Ground Weapons Level 1  
  90  6:20  Sentry x2  making sentries for guardian shield
  100  6:45  Gateway x2  total 8 gateways now, if not already there
Spawning Tool Build Advisor. Get it on Overwolf

Go to:

Details

  • Created by: zeromus   
  • Published on: Feb 15, 2021
  • Modified on: Feb 15, 2021
  • Patch: 4.11.0
  • Difficulty: Medium
Show
View Real Time Build Order
Export as new Build Order

Comments (0)

There are no comments. Be the first!

Create an account to comment!